 Dungeon Crawl Stone Soup version 0.31.0-9-g3a7656b989 (webtiles) character file.

Game seed: 2410905615722966716

63 puppykicker the Ducker (level 4, -1/32 HPs)
             Began as a Merfolk Air Elementalist on Jan 24, 2024.
             Succumbed to an adder's poison
             ... on level 1 of the Dungeon.
             The game lasted 00:06:07 (1180 turns).

puppykicker the Ducker (Merfolk Air Elementalist)   Turns: 1180, Time: 00:06:08

Health: -1/32      AC:  2    Str: 10    XL:     4   Next: 9%
Magic:  6/7        EV: 13    Int: 14    God:
Gold:   96         SH:  0    Dex: 20    Spells: 4/7 levels left

rFire   . . .        a - +1 short sword (drain)
rCold   . . .        (no shield)
rNeg    . . .        d - +0 robe
rPois   .            (no helmet)
rElec   .            (no cloak)
rCorr   .            (no gloves)
SInv    .            (no boots)
Will    .....        (no amulet)
Stlth   ++           j - +6 ring of dexterity
HPRegen 0.25/turn    (no ring)
MPRegen 0.10/turn

%: no passive effects
@: brilliant, lethally poisoned (-1 -> -6)
A: (nimble swimmer 2), mertail
a: no special abilities


You were on level 1 of the Dungeon.
You visited 1 branch of the dungeon, and saw 2 of its levels.

You collected 96 gold pieces.

Inventory:

Hand Weapons
 a - a +1 short sword of draining (weapon)
 b - a +0 spear
Missiles
 c - 6 poisoned darts
Armour
 d - a +0 robe (worn)
 i - a +0 tower shield
Jewellery
 j - a +6 ring of dexterity (left hand)
Scrolls
 e - a scroll of blinking {unknown}
 f - a scroll of butterflies {unknown}
 g - a scroll of revelation {unknown}
 l - a scroll of fear {unknown}
Potions
 h - a potion of magic
 m - a potion of brilliance


   Skills:
 + Level 1.4 Fighting
 + Level 0.8 Armour
 + Level 3.1 Dodging
 + Level 2.7 Stealth
 + Level 2.3 Spellcasting
 + Level 1.2 Conjurations
 + Level 2.6 Air Magic


You had 4 spell levels left.
You knew the following spells:

 Your Spells              Type           Power      Damage    Failure   Level
a - Shock                 Conj/Air       40%        1d5       11%         1
b - Static Discharge      Conj/Air       20%        3-4/arc   16%         2

Your spell library contained the following spells:

 Spells                   Type           Power      Damage    Failure   Level
 Sting                    Conj/Alch      20%        1d4       19%         1
 Swiftness                Air            13%        N/A       22%         3
 Apportation              Tloc           4%         N/A       24%         1
 Necrotise                Necr           8%         1d4       24%         1
 Summon Small Mammal      Summ           8%         N/A       24%         1
 Sublimation of Blood     Necr           2%         N/A       34%         2
 Airstrike                Air            6%         2d(1-17)  58%         4
 Petrify                  Alch/Erth      2%         N/A       93%         4
 Irradiate                Conj/Alch      2%         3d12      99%         5


Dungeon Overview and Level Annotations

Branches:
Dungeon (2/15)

Altars:
Uskayaw


Innate Abilities, Weirdness & Mutations

((You are very nimble when in or above water. (Stealth+, EV+, Speed+++)))
Your lower body shifts to a powerful aquatic tail in water.


Message History

The ball python attacks as it pursues you!
The ball python misses you. The ball python closely misses you.
The adder completely misses you.
You barely miss the adder. The adder misses you.
You closely miss the adder. The adder bites you.
The gnoll hits you from afar with a +0 halberd!
* * * LOW HITPOINT WARNING * * *
You take 13 damage, and have 16/32 hp.
MASSIVE DAMAGE!!
The adder bites you.
* * * LOW HITPOINT WARNING * * *
You are poisoned.
The adder poisons you!
You take 1 damage, and have 15/32 hp.
You feel sick.
You take 1 damage, and have 14/32 hp.
You feel sick. The adder attacks as it pursues you!
The adder bites you but does no damage. The gnoll attacks as it pursues you!
The gnoll misses you.
You feel sick. The adder attacks as it pursues you!
The adder bites you but does no damage. The adder closely misses you.
You take 1 damage, and have 13/32 hp.
You feel sick.
You take 1 damage, and have 12/32 hp.
You feel sick.
You are no longer poisoned.
The adder attacks as it pursues you! The adder barely misses you.
You take 1 damage, and have 11/32 hp.
The adder bites you but does no damage. The gnoll attacks as it pursues you!
The gnoll hits you from afar with a +0 halberd!
* * * LOW HITPOINT WARNING * * *
You take 9 damage, and have 2/32 hp.
MASSIVE DAMAGE!!
There is a stone staircase leading up here.
The adder bites you.
* * * LOW HITPOINT WARNING * * *
You are lethally poisoned!
The adder poisons you!
You climb upwards.
You die...

.......##.##.....#
####....#.##.....#####
#....#.##.........#
#....#.##......##.####
#....#.....###.##.##.#
#......###........##.#
#...##...)...#.#.....#
###########....#...###
####..@S....#
#...........#
#...........####
#.##.##........#
#.##.#....#..###
#.##.#....#..#
#.##......##.#
#.######.....# ###
#######


You could see an adder.

Levels and vault maps discovered:
D:1:      dpeg_arrival_arbitrary_c, layout_basic
D:2:      layout_rooms, basic_altar, serial_shops, shop_coins,
          kennysheep_generic_room_14

Notes
Turn   | Place    | Note
-------+----------+-------------------------------------------
     0 | D:1      | puppykicker the Merfolk Air Elementalist began the quest
                  | for the Orb.
     0 | D:1      | Reached XP level 1. HP: 13/13 MP: 3/3
    81 | D:1      | Identified a +0 dagger
    81 | D:1      | Identified a +0 dagger
   118 | D:1      | Reached XP level 2. HP: 18/20 MP: 0/5
   320 | D:1      | Learned a level 2 spell: Static Discharge
   443 | D:1      | Identified a +0 short sword
   443 | D:1      | Identified a +0 dagger
   452 | D:1      | Reached skill level 1 in Conjurations
   471 | D:1      | Reached skill level 1 in Fighting
   471 | D:1      | Reached skill level 3 in Dodging
   542 | D:1      | Reached XP level 3. HP: 25/26 MP: 0/6
   604 | D:1      | Identified a +1 short sword of draining
   636 | D:1      | Identified a +0 spear
   649 | D:1      | Identified a +0 tower shield
   753 | D:1      | Identified a +6 ring of dexterity
   834 | D:2      | Identified a +0 dagger
   834 | D:2      | Found a hide-covered altar of Uskayaw.
   841 | D:2      | Identified a +0 spear
   864 | D:2      | Identified a +0 club
  1088 | D:2      | Identified a +0 flail
  1113 | D:2      | Identified a +0 club
  1113 | D:2      | Identified a +0 ring mail
  1117 | D:2      | Identified a +0 longbow
  1117 | D:2      | Identified a +4 ring of slaying
  1118 | D:2      | Identified a +0 halberd
  1118 | D:2      | Identified a +0 robe
  1133 | D:2      | Reached XP level 4. HP: 10/32 MP: 5/7
  1146 | D:2      | Identified a +0 club
  1149 | D:2      | HP: 4/32 [gnoll/arrow (9)]
  1152 | D:2      | Identified 2 potions of brilliance
  1153 | D:2      | Identified a potion of heal wounds
  1177 | D:2      | HP: 2/32 [gnoll/+0 halberd (10)]
  1180 | D:1      | Succumbed to an adder's poison

Table legend: (Time is in decaauts)
 A = Elapsed time spent in this place.
 B = Non-inter-level travel time spent in this place.
 C = Inter-level travel time spent in this place.
 D = Time resting spent in this place.
 E = Time spent auto-exploring this place.
 F = Levels seen in this place.
 G = Mean time per level.
                   A        B        C        D        E       F      G
               +--------+--------+--------+--------+--------+-----+--------+
         Total |   1177 |   1149 |     28 |    403 |    406 |   2 |  588.5 |
       Dungeon |   1177 |   1149 |     28 |    403 |    406 |   2 |  588.5 |
               +--------+--------+--------+--------+--------+-----+--------+

Top non-repeatable levels by time:
     D:1: 832 daAuts
     D:2: 345 daAuts

Table legend:
 A = Kills in this place as a percentage of kills in the entire game.
 B = Kills by you in this place as a percentage of kills by you in the entire game.
 C = Kills by friends in this place as a percentage of kills by friends in the entire game.
 D = Other kills in this place as a percentage of other kills in the entire game.
 E = Experience gained in this place as a percentage of experience gained in the entire game.
 F = Experience gained in this place divided by the number of levels of this place that you have seen.
                   A       B       C       D       E      F
               +-------+-------+-------+-------+-------+----------------------
         Total | 100.0 | 100.0 |   N/A |   N/A | 100.0 |  45.0
       Dungeon | 100.0 | 100.0 |   N/A |   N/A | 100.0 |  45.0
               +-------+-------+-------+-------+-------+----------------------

Skill      XL: |  1  2 |
---------------+-------+-----
Conjurations   | 1 |  1.2
Fighting       | 1 |  1.4
Dodging        | 3 |  3.1
Armour         | |  0.8
Stealth        | |  2.7
Spellcasting   | |  2.3
Air Magic      | |  2.6

Action                     |  1- 3 |  4- 6 || total
---------------------------+-------+-------++-------
  Melee: Unarmed           |     5 |       ||     5
         Dagger            |    38 |       ||    38
         Punch             |     2 |       ||     2
         Short sword       |    29 |     2 ||    31
   Cast: Shock             |    29 |     2 ||    31
    Use: Potion            |       |     2 ||     2
   Stab: Sleeping          |     2 |       ||     2
 Armour: Robe              |    48 |    16 ||    64
  Dodge: Dodged            |    53 |    21 ||    74

Vanquished Creatures
  A gnoll (D:2)
  An adder (D:2)
  2 dart slugs (D:1)
  An orc (D:2)
  2 ball pythons (D:1)
  2 bats
  2 endoplasms
  2 giant cockroaches (D:1)
  3 goblins
  3 hobgoblins (D:1)
  6 jackals (D:1)
  4 kobolds
  A quokka (D:1)
  2 frilled lizards (D:1)
  2 rats
34 creatures vanquished.
